 Dungeon Crawl Stone Soup version 0.29.1-4-g47bece8355 (webtiles) character file.

Game seed: 5588570516510969900

39186 iamoutofideas the Severer (level 14, 0/140 HPs)
             Began as a Hill Orc Berserker on Dec 6, 2022.
             Was an Elder of Trog.
             Slain by an eight-headed hydra (11 damage)
             ... on level 4 of the Lair of Beasts.
             The game lasted 00:28:17 (21863 turns).

iamoutofideas the Severer (Hill Orc Berserker)     Turns: 21863, Time: 00:28:18

Health: 0/140      AC: 14    Str: 25    XL:     14   Next: 5%
Magic:  14/14      EV: 11    Int: 14    God:    Trog [****..]
Gold:   933        SH:  5    Dex: 10    Spells: 13/13 levels left

rFire   + . .      SeeInvis +   I - +1 broad axe (vorpal)
rCold   . . .      Faith    +   g - +0 buckler
rNeg    . . .      Spirit   .   J - +0 swamp dragon scales
rPois   +          Reflect  .   v - +0 helmet
rElec   .          Harm     .   (no cloak)
rCorr   .          Rampage  .   c - +1 pair of gloves of Chimes {Will++ Int+7 SInv}
Will    +++..                   o - +0 pair of boots
Stlth   ..........              K - amulet of faith
HPRegen 0.33/turn               i - +4 ring of slaying
MPRegen 0.14/turn               j - ring of protection from fire

@: no status effects
A: no striking features
a: Renounce Religion, Berserk, Trog's Hand, Brothers in Arms


You were on level 4 of the Lair of Beasts.
You worshipped Trog.
Trog was greatly pleased with you.
You visited 3 branches of the dungeon, and saw 18 of its levels.

You collected 1011 gold pieces.
You spent 78 gold pieces at shops.

Inventory:

Hand Weapons
 H - a +2 halberd of flaming
 I - a +1 vorpal broad axe (weapon)
 X - the +8 executioner's axe "Ysojy" {flame, Str+8}
   (Trog gifted it to you on level 3 of the Lair of Beasts)

   It burns those it strikes, dealing additional fire damage.
   Big, fiery blades are also staple armaments of hydra-hunters.
   Str:       It affects your strength (+8).
Missiles
 l - 58 poisoned darts (quivered)
 w - 5 curare-tipped darts
 F - 6 throwing nets
Armour
 c - the +1 pair of gloves of Chimes (worn) {Will++ Int+7 SInv}
   (You acquired it on level 2 of the Dungeon)

   Int:       It affects your intelligence (+7).
   SInv:      It lets you see invisible.
   Will:      It greatly increases your willpower.
 g - a +0 buckler (worn)
 o - a +0 pair of boots (worn)
 v - a +0 helmet (worn)
 J - +0 swamp dragon scales (worn)
 L - a +2 kite shield
Jewellery
 b - a ring of protection from cold
 i - a +4 ring of slaying (left hand)
 j - a ring of protection from fire (right hand)
 K - an amulet of faith (around neck)
 S - a ring of ice
Wands
 h - a wand of digging (11)
 m - a wand of quicksilver (13)
 y - a wand of roots (13)
 D - a wand of flame (34)
 Y - a wand of polymorph (6)
Scrolls
 a - 4 scrolls of enchant weapon
 k - 6 scrolls of teleportation
 p - 4 scrolls of magic mapping
 q - 2 scrolls of fear
 t - 5 scrolls of blinking
 x - 5 scrolls of enchant armour
 A - 3 scrolls of fog
 C - 5 scrolls of poison
 G - 5 scrolls of identify
 M - 2 scrolls of immolation
 P - a scroll of summoning
 U - a scroll of torment
Potions
 d - 3 potions of attraction
 e - a potion of magic
 n - 4 potions of curing
 r - 5 potions of flight
 s - 6 potions of lignification
 u - a potion of invisibility
 z - a potion of haste
 B - 5 potions of might
 N - a potion of berserk rage
 R - a potion of heal wounds
 T - 2 potions of ambrosia
Miscellaneous
 Q - a condenser vane


   Skills:
 - Level 17.6 Fighting
 + Level 20.3 Axes
 - Level 8.2 Armour
 - Level 4.2 Dodging
 - Level 6.2 Shields


You had 13 spell levels left.
You didn't know any spells.
Your spell library contained the following spells:

 Spells                   Type           Power      Damage    Failure   Level
 Apportation              Tloc           0%         N/A       47%         1
 Magic Dart               Conj           0%         1d3       47%         1
 Necrotise                Necr           0%         1d4       47%         1
 Slow                     Hex            0%         N/A       47%         1
 Summon Small Mammal      Summ           0%         N/A       47%         1
 Searing Ray              Conj           0%         2d4       63%         2
 Static Discharge         Conj/Air       0%         3-3/arc   63%         2
 Call Canine Familiar     Summ           0%         N/A       85%         3
 Confusing Touch          Hex            0%         N/A       85%         3
 Dazzling Flash           Conj/Hex       0%         N/A       85%         3
 Gell's Gravitas          Tloc           0%         N/A       85%         3
 Inner Flame              Hex/Fire       0%         N/A       85%         3
 Ozocubu's Armour         Ice            0%         N/A       85%         3
 Summon Guardian Golem    Hex/Summ       0%         N/A       85%         3
 Teleport Other           Tloc           0%         N/A       85%         3
 Vampiric Draining        Necr           0%         2d6       85%         3
 Cause Fear               Hex            0%         N/A       99%         4
 Dispel Undead            Necr           0%         3d6       99%         4
 Fulminant Prism          Conj/Hex       0%         3d6       99%         4
 Iskenderun's Mystic Bla  Conj/Tloc      0%         2d3       99%         4
 Petrify                  Tmut/Erth      0%         N/A       99%         4
 Sticky Flame             Conj/Fire      0%         2d3       99%         4
 Summon Ice Beast         Ice/Summ       0%         N/A       99%         4
 Metabolic Englaciation   Hex/Ice        0%         N/A       100%        5
 Summon Mana Viper        Hex/Summ       0%         N/A       100%        5
 Dispersal                Tloc           0%         N/A       100%        6
 Simulacrum               Ice/Necr       0%         N/A       100%        6
 Starburst                Conj/Fire      0%         6d3       100%        6
 Statue Form              Tmut/Erth      0%         N/A       100%        6
 Monstrous Menagerie      Summ           0%         N/A       100%        7
 Discord                  Hex            0%         N/A       100%        8


Dungeon Overview and Level Annotations

Branches:
Dungeon (12/15)            Temple (1/1) D:7            Lair (5/5) D:9
  Swamp (0/4) Lair:3        Snake (0/4) Lair:2        Slime (0/5) Lair:4
    Orc (0/2) D:11

Altars:
Ashenzari
Cheibriados
Dithmenos
Elyvilon
Fedhas
Gozag
Hepliaklqana
Kikubaaqudgha
Makhleb
Nemelex Xobeh
Okawaru
Qazlal
Ru
Sif Muna
Trog
Uskayaw
Vehumet
Wu Jian
Xom
Yredelemnul
Zin
The Shining One
Jiyva

Shops:
D:3 *   D:12 (

Annotations:
Lair:2 exclusion: downstairs
Lair:3 exclusion: ice statue


Message History

The eight-headed hydra closely misses you.
You block the eight-headed hydra's attack.
You start removing your armour.
You continue taking off your +0 buckler.
The eight-headed hydra bites you.
The eight-headed hydra bites you but does no damage.
The eight-headed hydra bites you!
The eight-headed hydra bites you but does no damage.
The eight-headed hydra closely misses you.
The eight-headed hydra bites you. The eight-headed hydra bites you! x2
You continue taking off your +0 buckler.
The eight-headed hydra bites you but does no damage.
You block the eight-headed hydra's attack.
The eight-headed hydra bites you.
The eight-headed hydra barely misses you.
The eight-headed hydra bites you but does no damage.
The eight-headed hydra bites you.
The eight-headed hydra closely misses you.
The eight-headed hydra bites you.
* * * LOW HITPOINT WARNING * * *
You continue taking off your +0 buckler.
The eight-headed hydra bites you!
* * * LOW HITPOINT WARNING * * *
You block the eight-headed hydra's attack.
The eight-headed hydra barely misses you.
The eight-headed hydra bites you but does no damage.
You block the eight-headed hydra's attack.
The eight-headed hydra bites you but does no damage. x2
The eight-headed hydra closely misses you.
You continue taking off your +0 buckler.
The eight-headed hydra bites you!
* * * LOW HITPOINT WARNING * * *
The eight-headed hydra bites you!
* * * LOW HITPOINT WARNING * * *
You block the eight-headed hydra's attack.
The eight-headed hydra bites you but does no damage. x3
The eight-headed hydra bites you.
* * * LOW HITPOINT WARNING * * *
The eight-headed hydra bites you!
You die...

##......# #....#
##.....### #....#
#.......# ###....#
#.....### #......#
##.....# #.....##
#.....## #......##
##....#### #..D.P#
###P..... #..@.#
##..... #..†.######
#..... ##....##.#P###
#..... #.....##.....#
#..... ##...........#
#.....
#............###.....
##...........##......
##..####....###.....
#### ##.....#P.....


You could see an eight-headed hydra.

Vanquished Creatures
  Rupert (Lair:4)
  Fannar (D:12)
  A boulder beetle (Lair:3)
  A catoblepas (Lair:2)
  An ice dragon (Lair:3)
  2 hydras
  A two-headed ogre (D:8)
  Sonja (D:10)
  Amaemon (Lair:3)
  Pikel (D:7)
  2 deep elf pyromancers (D:11)
  2 manticores (D:11)
  The ghost of mintfox the Summoner, a novice TeSu of Gozag (D:8)
  3 cyclopes
  2 wolf spiders (Lair:2)
  6 elephants (Lair:2)
  6 black mambas
  A gargoyle (D:10)
  An orange demon (Lair:3)
  3 rime drakes
  Maggie (D:7)
  3 cane toads
  3 kobold demonologists
  3 komodo dragons
  5 polar bears
  Prince Ribbit (D:8)
  4 trolls
  2 tyrant leeches (Lair:3)
  A blink frog (Lair:1)
  3 hornets (D:9)
  A shadow (D:12)
  A vampire (D:12)
  2 wraiths
  4 wyverns
  48 yaks
  Grum (D:8)
  2 basilisks
  2 steam dragons
  2 vampire mosquitoes (D:12)
  Menkaure (D:7)
  4 wargs
  An acid dragon (D:12)
  7 water moccasins
  3 nagas (Lair:2)
  2 orc warriors
  A black bear (D:6)
  7 ice beasts
  14 wolves
  3 centaurs
  5 kobold brigands
  11 bullfrogs
  A necrophage (D:7)
  5 scorpions
  5 gnoll sergeants
  16 killer bees
  An electric eel (Lair:1)
  4 howler monkeys (D:10)
  A jelly (D:6)
  3 gnoll boudas
  3 hounds
  5 orc priests
  8 orc wizards
  3 iguanas
  8 hell rats (Lair:1)
  42 gnolls
  11 adders
  13 river rats (Lair:1)
  2 shadow imps
  3 white imps
  A worm (D:3)
  A dart slug (D:3)
  38 orcs
  11 ball pythons
  4 endoplasms
  7 giant cockroaches
  6 goblins
  8 hobgoblins
  7 jackals
  14 quokkas
  4 bats
  4 frilled lizards
  16 kobolds
  15 rats
  A bush (D:6)
457 creatures vanquished.

Vanquished Creatures (collateral kills)
  An ice beast (Lair:3)
1 creature vanquished.

Vanquished Creatures (others)
  A gnoll (D:9)
  17 fungi
  23 plants
41 creatures vanquished.

Grand Total: 499 creatures vanquished

Notes
Turn   | Place    | Note
-------+----------+-------------------------------------------
     0 | D:1      | iamoutofideas the Hill Orc Berserker began the quest for
                  | the Orb.
     0 | D:1      | Reached XP level 1. HP: 19/19 MP: 1/1
   326 | D:1      | Reached XP level 2. HP: 18/27 MP: 2/2
   976 | D:1      | Reached skill level 5 in Axes
   983 | D:1      | Reached XP level 3. HP: 20/33 MP: 3/3
  1377 | D:1      | Found a faded altar of an unknown god.
  1624 | D:2      | Identified a scroll of acquirement
  1624 | D:2      | Acquired the +1 pair of gloves of Chimes {Will++ Int+7
                  | SInv}
  2346 | D:2      | Reached ** piety under Trog
  2347 | D:2      | Reached skill level 6 in Axes
  2347 | D:2      | Reached XP level 4. HP: 39/40 MP: 4/4
  3233 | D:3      | Reached skill level 7 in Axes
  3233 | D:3      | Reached XP level 5. HP: 46/46 MP: 5/5
  3390 | D:3      | Reached skill level 8 in Axes
  3466 | D:3      | Found Mifuagh's General Store.
  3486 | D:3      | Bought a scroll of fear for 52 gold pieces
  3486 | D:3      | Bought a scroll of identify for 26 gold pieces
  3883 | D:4      | Reached XP level 6. HP: 52/52 MP: 6/6
  4372 | D:4      | Reached *** piety under Trog
  4397 | D:4      | Reached skill level 9 in Axes
  4428 | D:4      | Reached skill level 5 in Fighting
  4749 | D:5      | Entered Level 5 of the Dungeon
  4834 | D:5      | Reached XP level 7. HP: 62/62 MP: 7/7
  5694 | D:6      | Reached XP level 8. HP: 74/74 MP: 8/8
  6363 | D:6      | Reached **** piety under Trog
  6847 | D:7      | Reached skill level 10 in Fighting
  7113 | D:7      | Found a basalt altar of Yredelemnul.
  7274 | D:7      | Reached skill level 1 in Shields
  7274 | D:7      | Reached XP level 9. HP: 73/89 MP: 9/9
  7487 | D:7      | Found a staircase to the Ecumenical Temple.
  7498 | Temple   | Entered the Ecumenical Temple
  7525 | Temple   | Noticed Fenoocko the pandemonium lord
  7525 | Temple   | Noticed Puthraot the pandemonium lord
  7525 | Temple   | Noticed a red devil
  7525 | Temple   | Noticed a Hell Sentinel
  7526 | Temple   | Noticed a red devil
  7527 | Temple   | Noticed a sixfirhy
  7535 | Temple   | Noticed a hell beast
  7535 | Temple   | a sixfirhy changed into a hell beast
  7553 | Temple   | Noticed a hellwing
  7554 | Temple   | Noticed Cyap the pandemonium lord
  7554 | Temple   | Noticed a Hell Sentinel
  7572 | Temple   | Noticed Hoduhy Baxawn the pandemonium lord
  7573 | Temple   | Noticed a sun demon
  7581 | Temple   | Noticed Ocow the pandemonium lord
  7600 | Temple   | Noticed a reaper
  7601 | Temple   | Noticed Baxzud the pandemonium lord
  7717 | D:7      | Noticed Maggie
  7727 | D:7      | Killed Maggie
  7728 | D:7      | Reached skill level 10 in Axes
  7781 | D:7      | Noticed Pikel
  7796 | D:7      | Killed Pikel
  7797 | D:7      | Reached skill level 11 in Axes
  7809 | D:7      | Noticed Menkaure
  8511 | D:7      | Killed Menkaure
  8512 | D:7      | Reached skill level 12 in Axes
  8737 | D:8      | Found a runed translucent door.
  8741 | D:8      | Noticed mintfox's ghost (novice TeSu)
  8766 | D:8      | Noticed Grum
  8781 | D:8      | Reached XP level 10. HP: 96/97 MP: 10/10
  8782 | D:8      | Noticed Prince Ribbit
  8798 | D:8      | You fall into a shaft and drop 2 floors!
  8798 | D:10     | Entered Level 10 of the Dungeon
  9084 | D:10     | Noticed Sonja
  9094 | D:10     | Reached skill level 13 in Axes
  9134 | D:10     | Found a broken altar of Ashenzari.
  9187 | D:9      | Found a stormy altar of Qazlal.
  9187 | D:9      | Found an ancient bone altar of Kikubaaqudgha.
  9230 | D:10     | Reached skill level 14 in Axes
  9245 | D:9      | Found a transporter.
  9251 | D:9      | HP: 5/145 [yak (8)]
  9550 | D:9      | Found a transporter.
  9593 | D:9      | Found a staircase to the Lair.
  9705 | D:9      | Found a transporter.
  9722 | D:9      | Reached skill level 15 in Axes
  9727 | D:9      | Found a transporter.
  9909 | D:9      | Reached skill level 16 in Axes
  9987 | D:9      | Found a transporter.
  9989 | D:9      | Found a transporter.
 10394 | D:8      | Reached XP level 11. HP: 96/104 MP: 11/11
 10415 | D:8      | Reached skill level 17 in Axes
 10421 | D:8      | Killed Grum
 10441 | D:8      | Killed Prince Ribbit
 10660 | D:8      | Noticed a two-headed ogre
 10673 | D:8      | Killed a two-headed ogre
 10674 | D:8      | Reached skill level 18 in Axes
 12204 | D:10     | Killed Sonja
 12492 | D:11     | Noticed a manticore
 12512 | D:11     | Killed a manticore
 12610 | D:11     | Reached skill level 5 in Armour
 12680 | D:11     | Found a staircase to the Orcish Mines.
 12693 | D:11     | Reached XP level 12. HP: 115/115 MP: 12/12
 12759 | D:11     | Reached skill level 5 in Shields
 13098 | D:11     | Reached ***** piety under Trog
 13672 | D:12     | Found Jedee's Weapon Emporium.
 14027 | D:12     | Noticed Fannar
 14035 | D:12     | Killed Fannar
 14036 | D:12     | Reached skill level 15 in Fighting
 14732 | Lair:1   | Entered Level 1 of the Lair of Beasts
 15585 | Lair:1   | Received a gift from Trog
 16201 | Lair:2   | Reached XP level 13. HP: 110/128 MP: 13/13
 16870 | Lair:2   | Found a staircase to the Snake Pit.
 18917 | Lair:3   | Identified the +8 executioner's axe "Ysojy" {flame, Str+8}
                  | (Trog gifted it to you on level 3 of the Lair of Beasts)
 18917 | Lair:3   | Received a gift from Trog
 19209 | Lair:3   | Noticed an ice dragon
 19227 | Lair:3   | Killed an ice dragon
 19477 | Lair:3   | Noticed Amaemon
 19489 | Lair:3   | Killed Amaemon
 19493 | Lair:3   | Reached skill level 19 in Axes
 20182 | Lair:3   | Found a staircase to the Swamp.
 20521 | Lair:4   | Found a viscous altar of Jiyva.
 20522 | Lair:4   | Found a staircase to the Slime Pits.
 20523 | Lair:4   | Noticed Rupert
 20533 | Lair:4   | Killed Rupert
 21095 | D:8      | Killed mintfox's ghost
 21253 | Lair:5   | Entered Level 5 of the Lair of Beasts
 21257 | Lair:5   | Reached skill level 20 in Axes
 21325 | Lair:4   | Reached XP level 14. HP: 105/140 MP: 14/14
 21863 | Lair:4   | Slain by an eight-headed hydra

Illustrated notes

Levels and vault maps discovered:
D:1:      matt_arrival_diagonals, layout_basic,
          dreamdust_ecumenical_altar_angels_and_demons
D:2:      minmay_diamond_boxcup, layout_basic
D:3:      layout_basic, serial_shops, nicolae_shop_advertising_works
          [nicolae_subvault_shop_adworks], chequers_decorated_corner,
          chequers_mini_garden
D:4:      layout_gridville, serial_glass, glass_columns_b, glass_columns_b,
          kennysheep_generic_room_6
D:5:      layout_loops_cross, serial_glass, glass_columns_c, glass_columns_a,
          nrook_pool_corridor
D:6:      layout_rooms, lexackson_kobold_supper
D:7:      layout_basic, general_overflow_altar, minmay_temple_entry_crystal_x,
          abandoned_shop, corexii_leaking_fountain, uniq_menkaure, uniq_maggie,
          uniq_pikel
D:8:      layout_basic, ebering_ghost_inner_flame, uniq_grum,
          uniq_prince_ribbit1
D:9:      layout_roguey, nicolae_overflow_hidden_temple,
          erik_lair_orcish_takeover, minmay_statues_item, serial_nicolae_subway,
          nicolae_sub_station_metal, nicolae_sub_station_crystal,
          nicolae_sub_station_stone
D:10:     layout_roguey, ashenzari_altar_1, uniq_sonja
D:11:     layout_loops_ring, david_orc_1_choice, minmay_radiant
D:12:     layout_small_grid, serial_shops, nicolae_shop_bloodbath_and_beyond,
          st_stairs_7, uniq_fannar
Temple:   nicolae_temple_panitentiary
Lair:1:   lemuel_ratsnest, layout_gridlike, amcnicky_mini_pool_medium,
          lemuel_fruit_tree
Lair:2:   layout_gridlike, guppyfry_snake_entry_garden,
          chequers_serial_rivers_micro_c, st_stairs_8, minmay_hedge_maze,
          nicolae_lair_run_with_the_wolves
Lair:3:   layout_regular_city, minmay_swamp_entry_worms, ice2_lemuel,
          grunt_megastairs_4, uniq_amaemon
Lair:4:   layout_cellular_growth, slime_entry_1, uniq_rupert
Lair:5:   cheibrodos_lair_end_hotspot, layout_gridlike, basic_altar

Skill      XL: |  1  2  3  4  5  6  7  8  9 10 11 12 13 |
---------------+----------------------------------------+-----
Axes           | 5 6 7 8 9 12 16 18 20 | 20.3
Fighting       | 5 8 11 13 16 17 | 17.6
Shields        | 1 4 5 6 |  6.2
Armour         | 5 7 8 |  8.2
Dodging        | 2 3 4 |  4.2

Action                   |  1- 3 |  4- 6 |  7- 9 | 10-12 | 13-15 || total
-------------------------+-------+-------+-------+-------+-------++-------
Melee: Hand axe          |   101 |   136 |   275 |   106 |       ||   618
       Punch             |       |     2 |     6 |       |       ||     8
       Broad axe         |       |       |       |   371 |   222 ||   593
       Executioner's axe |       |       |       |       |    28 ||    28
       Halberd           |       |       |       |       |    10 ||    10
Invok: Berserk           |       |     4 |     8 |    13 |     6 ||    31
       Trog's Hand       |       |       |     2 |     4 |     1 ||     7
       Brothers in Arms  |       |       |       |     1 |     1 ||     2
Evoke: Wand              |       |       |     1 |     1 |       ||     2
  Use: Scroll            |     1 |     6 |     3 |    11 |     5 ||    26
       Potion            |       |       |     5 |     6 |       ||    11
 Stab: Sleeping          |     2 |     1 |       |       |       ||     3
Armor: Animal skin       |    14 |    13 |       |       |       ||    27
       Ring mail         |       |    36 |    63 |       |       ||    99
       Swamp dragon scal |       |       |    12 |   179 |   109 ||   300
       Skin              |       |       |       |     3 |       ||     3
Dodge: Dodged            |    86 |    75 |   105 |   213 |   115 ||   594
Block: Buckler           |       |       |       |    82 |    46 ||   128
